 Dungeon Crawl Stone Soup version 0.30-a0-393-g54b8e3be05 (webtiles) character file.

Game seed: 9648880626953051401

188 Engwar the Insei (level 5, -1/51 HPs)
             Began as an Octopode Transmuter on Dec 5, 2022.
             Slain by a river rat (4 damage)
             ... in a sewer.
             The game lasted 00:09:13 (2548 turns).

Engwar the Insei (Octopode Transmuter)              Turns: 2548, Time: 00:09:14

Health: -1/51      AC: 22    Str: 10    XL:     5   Next: 67%
Magic:  8/8        EV: -1    Int: 17    God:
Gold:   133        SH:  0    Dex: 12    Spells: 2/8 levels left

rFire   + . .      SeeInvis +      - Unarmed
rCold   . . .      Faith    .    (no shield)
rNeg    . . .      Spirit   .    (helmet currently unavailable)
rPois   +          Reflect  .    (no amulet)
rElec   .          Harm     .    b - ring of see invisible
rCorr   .          Rampage  .    g - ring of protection from fire
Will    .....      NoTele   +    (no ring)
Stlth   ++........               (no ring)
HPRegen 0.28/turn                (no ring)
MPRegen 0.11/turn                (no ring)
                                 (no ring)
                                 (no ring)

@: tree-form, constricted
A: stationary, stasis, torment immunity, boosted hp, almost no armour,
(amphibious), 8 rings, (camouflage 1), (gelatinous body 1), (nimble swimmer 1),
(tentacles)
a: no special abilities


You were in a sewer.
You were a tree.
You visited 1 branch of the dungeon, and saw 4 of its levels.
You also visited: Sewer.

You collected 133 gold pieces.

Inventory:

Missiles
 d - 8 stones
Jewellery
 b - a ring of see invisible (left branch)
 g - a ring of protection from fire (right branch)
Wands
 k - a wand of flame (12)
Scrolls
 c - a scroll of brand weapon {unknown}
 e - a scroll of teleportation {unknown}
 h - a scroll of torment {unknown}
 l - a scroll of fear {unknown}
 m - a scroll of vulnerability {unknown}
 o - 2 scrolls of identify
Potions
 f - a potion of ambrosia
 i - a potion of attraction {unknown}
 j - 3 potions of curing {unknown}
 n - a potion of resistance {unknown}


   Skills:
 + Level 2.0 Fighting
 - Level 2.0 Dodging
 - Level 1.0 Stealth
 - Level 4.0 Unarmed Combat
 - Level 2.1 Spellcasting
 + Level 3.5 Transmutations
 - Level 3.0 Poison Magic


You had 2 spell levels left.
You knew the following spells:

 Your Spells              Type           Power      Damage    Failure   Level
a - Beastly Appendage     Tmut           26%        N/A       4%          1
b - Wereblood             Tmut           13%        N/A       7%          2
c - Spider Form           Tmut/Pois      12%        N/A       16%         3

Your spell library contained the following spells:

 Spells                   Type           Power      Damage    Failure   Level
 Poisonous Vapours        Pois/Air       12%        N/A       16%         2
 Cigotuvi's Dreadful Rot  Necr/Pois/Air  10%        N/A       19%         2
 Mephitic Cloud           Conj/Pois/Air  5%         N/A       36%         3
 Ice Form                 Ice/Tmut       7%         N/A       67%         4


Dungeon Overview and Level Annotations

Branches:
Dungeon (4/15)              Sewer (1/1)
 Temple: D:4-7

Altars:
Dithmenos
Makhleb
Wu Jian

Annotations:
D:3 2 transporters, fly's ghost, amateur DgDe


Innate Abilities, Weirdness & Mutations

You are a tree.
Your roots penetrate the ground, keeping you stationary.
You cannot be teleported.
You are immune to unholy pain and torment.
Your maximum health is greatly increased.
You cannot wear most types of armour.
((You are amphibious.))
You can wear up to eight rings at the same time.
((Your skin changes colour to match your surroundings (Stealth+).))
((Your rubbery body absorbs attacks. (AC +1, EV +1)))
((You are camouflaged when in or above water. (Stealth+)))
((You have tentacles for arms and can constrict up to eight enemies at once.))


Message History

You squeeze the river rat, but do no damage.
The river rat is lightly wounded.
You constrict the river rat. The river rat misses you.
You tentacle-slap the river rat.
You pierce the river rat.
Your squeeze misses the river rat.
The river rat is severely wounded.
You constrict the river rat, but do no damage.
The river rat bites you.
You tentacle-slap the river rat. You squeeze the river rat.
You kill the river rat!
Your Fighting skill increases to level 2!
You tentacle-slap the river rat but do no damage.
Your grab misses the river rat. The river rat bites you!
You tentacle-slap the river rat but do no damage.
You grab the river rat.
You pierce the river rat, but do no damage.
You tentacle-slap the river rat.
The river rat is lightly wounded.
You constrict the river rat, but do no damage.
The river rat bites you!
The ball python hisses angrily.
You tentacle-slap the river rat.
The river rat is lightly wounded.
Your tentacle spike disappears.
You constrict the river rat. The river rat bites you!
* * * LOW HITPOINT WARNING * * *
The ball python barely misses you. x2
You tentacle-slap the river rat.
The river rat is severely wounded.
You constrict the river rat, but do no damage.
The ball python closely misses you. The ball python grabs you.
The ball python constricts you.
* * * LOW HITPOINT WARNING * * *
The river rat barely misses you.
Really quaff the potion of lignification?
You turn into a tree.
Your roots penetrate the ground.
You lose your grip on the river rat.
The ball python bites you but does no damage.
The ball python constricts you. The river rat bites you.
You die...

####
####...####
####..S†.....#
##.....♣r.....r
#.......###....
##....†.## .
#..†...##
#..~.~.#
#≈≈††≈≈#
#≈≈~~≈≈#
#≈≈~~~≈#
#≈≈~~~≈#


You could see 2 river rats and a ball python.

Vanquished Creatures
  2 orc priests (D:3)
  An orc wizard (D:3)
  A gnoll (D:1)
  A river rat (Sewer)
  An adder (D:3)
  A dart slug (D:2)
  12 orcs
  5 endoplasms
  3 giant cockroaches
  7 goblins
  4 hobgoblins
  A quokka (D:1)
  3 ball pythons
  3 bats
  A frilled lizard (D:1)
  3 kobolds
  14 rats
63 creatures vanquished.

Notes
Turn   | Place    | Note
-------+----------+-------------------------------------------
     0 | D:1      | Engwar the Octopode Transmuter began the quest for the Orb.
     0 | D:1      | Reached XP level 1. HP: 13/13 MP: 3/3
   196 | D:1      | Reached skill level 1 in Stealth
   196 | D:1      | Reached XP level 2. HP: 17/18 MP: 3/5
   224 | D:1      | Learned a level 2 spell: Wereblood
   240 | D:1      | Found a faded altar of an unknown god.
   609 | D:1      | Reached XP level 3. HP: 18/23 MP: 4/6
   613 | D:1      | Learned a level 3 spell: Spider Form
   940 | D:2      | Reached skill level 1 in Poison Magic
   982 | D:2      | Found a burning altar of Makhleb.
  1324 | D:3      | Reached XP level 4. HP: 28/28 MP: 3/7
  1502 | D:3      | Found an ornate altar of the Wu Jian Council.
  1819 | D:3      | Found a transporter.
  1854 | D:3      | Found a transporter.
  2118 | D:3      | Found a shadowy altar of Dithmenos.
  2308 | D:3      | Reached skill level 4 in Unarmed Combat
  2308 | D:3      | Reached XP level 5. HP: 33/33 MP: 5/8
  2381 | D:3      | Noticed fly's ghost (amateur DgDe)
  2485 | D:4      | Found a glowing drain.
  2504 | Sewer    | Entered a sewer
  2548 | Sewer    | Slain by a river rat

Illustrated notes

Levels and vault maps discovered:
D:1:      dpeg_arrival_pond, layout_basic,
          shapermc_ecumenical_altar_mp_ritualfount
D:2:      layout_basic, basic_altar
D:3:      layout_basic, nicolae_wu_jian_wuxing_cycle, lemuel_round_altar,
          gammafunk_ghost_mausoleum, st_stairs_2
D:4:      layout_cave_pools, cheibrodos_sewer_entry_drain, serial_shops,
          nicolae_take_the_stairs
Sewer:    sewer_minmay_w

Skill      XL: |  1  2  3  4  5 |
---------------+----------------+-----
Stealth        | 1 |  1.0
Poison Magic   | 1 2 3 |  3.0
Transmutations | 3 |  3.5
Unarmed Combat | 4 |  4.0
Fighting       | 2 |  2.0
Dodging        | |  2.0
Spellcasting   | |  2.1

Action                   |  1- 3 |  4- 6 || total
-------------------------+-------+-------++-------
Melee: Unarmed           |    51 |    87 ||   138
       Constrict         |    12 |    16 ||    28
       Kick              |     7 |     9 ||    16
       Tentacles         |     8 |    11 ||    19
       Punch             |     1 |     3 ||     4
 Cast: Beastly Appendage |     7 |     3 ||    10
       Wereblood         |     1 |       ||     1
       Spider Form       |     1 |     4 ||     5
  Use: Scroll            |     1 |     1 ||     2
       Potion            |       |     1 ||     1
 Stab: Sleeping          |     4 |     5 ||     9
Armor: Skin              |     2 |     7 ||     9
Dodge: Dodged            |    18 |    65 ||    83

Table legend: (Time is in decaauts)
 A = Elapsed time spent in this place.
 B = Non-inter-level travel time spent in this place.
 C = Inter-level travel time spent in this place.
 D = Time resting spent in this place.
 E = Time spent auto-exploring this place.
 F = Levels seen in this place.
 G = Mean time per level.
                   A        B        C        D        E       F      G
               +--------+--------+--------+--------+--------+-----+--------+
         Total |   2537 |   2415 |    122 |    118 |   1726 |   5 |  507.4 |
       Dungeon |   2495 |   2373 |    122 |    118 |   1726 |   4 |  623.8 |
         Sewer |     42 |     42 |      0 |      0 |      0 |   1 |   42.0 |
               +--------+--------+--------+--------+--------+-----+--------+

Top non-repeatable levels by time:
     D:3: 1083 daAuts
     D:1: 714 daAuts
     D:2: 592 daAuts
     D:4: 104 daAuts
   Sewer: 42 daAuts
